 Dungeon Crawl Stone Soup version 0.26.1-11-gd32895ea62 (webtiles) character file.

Game seed: 3699408284475358594

81 MajorAdolf the Sneak (level 4, -1/42 HPs)
             Began as a Naga Wanderer on July 21, 2021.
             Slain by an orc
             ... wielding a +0 hand axe
              (5 damage)
             ... on level 3 of the Dungeon.
             The game lasted 00:01:56 (2315 turns).

MajorAdolf the Sneak (Naga Wanderer)                Turns: 2315, Time: 00:01:56

Health: -1/42      AC:  9    Str: 19    XL:     4   Next: 42%
Magic:  4/4        EV:  6    Int: 10    God:
Gold:   117        SH:  0    Dex: 15    Spells: 3/3 levels left

rFire    . . .     SeeInvis +   a - +2 short sword
rCold    . . .     Faith    .   (no shield)
rNeg     . . .     Spirit   .   b - +0 ring mail
rPois    +         Reflect  .   (no helmet)
rElec    .         Harm     .   (no cloak)
rCorr    .         Rampage  .   p - +0 pair of gloves
Will     .....                  g - +0 barding
Stlth    ++........             (no amulet)
HPRegen  0.14/turn              e - +6 ring of strength
MPRegen  0.09/turn              (no ring)

@: short of breath, very slow
A: large, see invisible, deformed body, poison resistance, slowness 2, spit
poison 1, AC +1
a: Spit Poison


You were on level 3 of the Dungeon.
You visited 1 branch of the dungeon, and saw 3 of its levels.

You collected 117 gold pieces.

Inventory:

Hand Weapons
 a - a +2 short sword (weapon)
Armour
 b - a +0 ring mail (worn)
 d - a +0 pair of gloves
 g - a +0 barding (worn)
 p - a +0 pair of gloves (worn)
Jewellery
 e - a +6 ring of strength (left hand)
 k - a cursed ring of attention {unknown}
Scrolls
 c - 5 scrolls of teleportation
 f - a scroll of fog {unknown}
 i - a scroll of blinking {unknown}
 l - a scroll of noise {unknown}
 n - a scroll of amnesia {unknown}
 q - a scroll of identify {unknown}
Potions
 h - a potion of flight {unknown}
 j - 2 potions of magic {unknown}
 m - a potion of mutation {unknown}
 o - a potion of attraction {unknown}
 r - a potion of brilliance {unknown}


   Skills:
 - Level 3.0 Fighting
 + Level 4.1 Short Blades
 - Level 1.0 Axes
 - Level 1.0 Armour
 + Level 4.7 Stealth
 - Level 1.0 Shields


You had 3 spell levels left.
You didn't know any spells.
Your spell library was empty.

Dungeon Overview and Level Annotations

Branches:
Dungeon (3/15)

Altars:
Cheibriados
Elyvilon
Hepliaklqana


Innate Abilities, Weirdness & Mutations

You cannot wear boots.
Your serpentine skin is tough. (AC +1)
You have supernaturally acute eyesight. (SInv)
Armour fits poorly on your strangely shaped body.
Your system is resistant to poisons. (rPois)
You cover ground very slowly.
You can spit poison.


Message History

You hit the orc priest but do no damage.
The orc priest calls down the wrath of Beogh upon you.
Pain shoots through your body!
You hit the orc priest but do no damage.
The orc hits you with a +0 hand axe!
The orc priest hits you but does no damage.
You are too injured to fight recklessly!
You are too injured to fight recklessly!
You barely miss the orc priest. The orc hits you with a +0 hand axe.
* * * LOW HITPOINT WARNING * * *
The orc priest mumbles some strange prayers to Beogh against you.
Pain shoots through your body!
* * * LOW HITPOINT WARNING * * *
Unknown command.
Okay, then.
Press: ? - help, Shift-Dir - straight line, f - orc priest
Aim: an orc priest The splash of poison misses the orc priest.
The orc hits you with a +0 hand axe.
You die...

#..##.#.... #...
##.....#.##.
...##.#.........#.
...#.#..#......#. ... #.
#.####.#. .
#####.######. #..#. ...
............. #..#.
....####)..#########....
......o@..............##
......o)....###########
##.#........# ##.......#
#.#####.# #. ..# #. ###
#.


You could see an orc priest and an orc.

Vanquished Creatures
  A gnoll (D:1)
  2 adders (D:2)
  An ooze (D:3)
  A worm (D:3)
  A dart slug (D:1)
  A leopard gecko (D:1)
  4 orcs (D:3)
  3 bats
  2 giant cockroaches
  9 goblins
  2 hobgoblins (D:1)
  2 jackals (D:2)
  A ball python (D:2)
  3 frilled lizards
  4 kobolds
  3 rats
40 creatures vanquished.

Notes
Turn   | Place    | Note
-------+----------+-------------------------------------------
     0 | D:1      | MajorAdolf the Naga Wanderer began the quest for the Orb.
     0 | D:1      | MajorAdolf set off with the following items: a +2 short
                  | sword, a +0 ring mail, a scroll of teleportation
     0 | D:1      | Reached XP level 1. HP: 21/21 MP: 1/1
   372 | D:1      | Reached XP level 2. HP: 28/28 MP: 2/2
   818 | D:1      | Reached XP level 3. HP: 19/34 MP: 3/3
  1541 | D:2      | Found a snail-covered altar of Cheibriados.
  1674 | D:2      | Reached XP level 4. HP: 38/42 MP: 4/4
  1735 | D:2      | Found a white marble altar of Elyvilon.
  1737 | D:2      | Found a hazy altar of Hepliaklqana.
  2315 | D:3      | Slain by an orc

Illustrated notes

Levels and vault maps discovered:
D:1:      dpeg_arrival_rooms_b, layout_basic
D:2:      layout_loops_ring, cheibriados_altar_1,
          chequers_temple_overflow_statue_of_worship
D:3:      layout_basic

Skill      XL: |  1  2  3  4 |
---------------+-------------+-----
Stealth        | 2 3 4 |  4.7
Short Blades   | 4 |  4.1
Fighting       | |  3.0
Axes           | |  1.0
Armour         | |  1.0
Shields        | |  1.0

Action                   |  1- 3 |  4- 6 || total
-------------------------+-------+-------++-------
Melee: Short sword       |    68 |    39 ||   107
 Abil: Spit Poison       |       |     1 ||     1
 Stab: Sleeping          |     5 |     3 ||     8
Armor: Ring mail         |    35 |    12 ||    47
Dodge: Dodged            |    23 |     9 ||    32
